 Dungeon Sprint DCSS version 0.29-a0-613-gf2c431b9b9 (webtiles) character file.

Game seed: 11983639858025011561

21 mhtbhm the Caller (level 2, -2/20 HPs)
             Began as a Hill Orc Summoner on June 16, 2022.
             Slain by Crazy Yiuf
             ... wielding a +4 quarterstaff of chaos
              (4 damage)
             ... in the Dungeon (Sprint III: "The Ten Rune Challenge").
             The game lasted 00:01:20 (410 turns).

mhtbhm the Caller (Hill Orc Summoner)                Turns: 410, Time: 00:01:21

Health: -2/20      AC:  2    Str: 10    XL:     2   Next: 87%
Magic:  0/5        EV: 12    Int: 15    God:
Gold:   0          SH:  0    Dex: 11    Spells: 2/5 levels left

rFire   . . .      SeeInvis .   (no weapon)
rCold   . . .      Faith    .   (no shield)
rNeg    . . .      Spirit   .   a - +0 robe
rPois   .          Reflect  .   (no helmet)
rElec   .          Harm     .   (no cloak)
rCorr   .          Rampage  .   (no gloves)
Will    .....      NoTele   +   (no boots)
Stlth   ++........              (no amulet)
HPRegen 0.06/turn               (no ring)
MPRegen 0.09/turn               (no ring)

@: no status effects
A: no striking features
a: no special abilities


You were in the Dungeon.
You visited 1 branch

Inventory:

Armour
 a - a +0 robe (worn)
Jewellery
 h - an amulet of guardian spirit
Scrolls
 g - 2 scrolls of blinking
Potions
 b - 3 potions of magic
 c - a potion of curing
 d - a potion of heal wounds


   Skills:
 + Level 0.1 Fighting
 + Level 1.9 Dodging
 + Level 2.0 Stealth
 + Level 0.9 Unarmed Combat
 + Level 2.2 Spellcasting
 + Level 5.9 Summonings


You had 2 spell levels left.
You knew the following spells:

 Your Spells              Type           Power      Damage    Failure   Level
a - Summon Small Mammal   Summ           76%        N/A       1%          1
b - Call Imp              Summ           19%        N/A       2%          2

Your spell library contained the following spells:

 Spells                   Type           Power      Damage    Failure   Level
 Call Canine Familiar     Summ           19%        N/A       5%          3
 Summon Guardian Golem    Hex/Summ       10%        N/A       19%         3
 Summon Lightning Spire   Summ/Air       10%        N/A       54%         4


Dungeon Overview and Level Annotations

Branches:
Dungeon (1/1)

Altars:

Annotations:
D Crazy Yiuf


Message History

Casting: Summon Small Mammal (safe; 1% risk of failure)
Confirm with . or Enter, or press ? or * to list all spells.
Your bat closely misses Crazy Yiuf.
Your bat barely misses Crazy Yiuf.
Your bat hits Crazy Yiuf.
You swap places.
Crazy Yiuf attacks as you move away! Crazy Yiuf barely misses you.
Crazy Yiuf hits your crimson imp with a +4 quarterstaff of chaos.
Your crimson imp resists with almost no effort.
Your crimson imp hits Crazy Yiuf but does no damage.
Unknown command.
Your quokka bites Crazy Yiuf.
Crazy Yiuf barely misses your crimson imp.
Your crimson imp blinks!
Your bat hits Crazy Yiuf but does no damage.
Your bat hits Crazy Yiuf but does no damage.
You see here a human corpse.
Your bat hits Crazy Yiuf but does no damage. x2
You aren't carrying any items that you can evoke.
Unknown command.
Okay, then.
Okay, then.
Your quokka bites Crazy Yiuf but does no damage.
Your bat closely misses Crazy Yiuf.
Your crimson imp blinks!
Your bat closely misses Crazy Yiuf.
You see here a rat corpse.
Crazy Yiuf hits your bat with a +4 quarterstaff of chaos.
Your bat dies!
Your bat's corpse disappears in a puff of smoke!
Your quokka bites Crazy Yiuf but does no damage.
Casting: Summon Small Mammal (safe; 1% risk of failure)
Confirm with . or Enter, or press ? or * to list all spells.
A beastly little devil appears in a puff of frigid air.
Casting: Call Imp (safe; 2% risk of failure)
Confirm with . or Enter, or press ? or * to list all spells.
Crazy Yiuf hits you with a +4 quarterstaff of chaos!!
Ouch! That really hurt!
* * * LOW HITPOINT WARNING * * *
Crazy Yiuf burns you.
You die...

▓▓▓▓▓▓▓▓▓
▓<..#..÷####
▓...#......##
▓..##.......# .#
▓##.##g##...# .#
##.##.###†r# ..#
▓#.####.##..# ...+
▓÷###..##..##
#...# ▓#.@gr.##.†#
#....#
###5.##...##...5.#
##.r##....#§gr...#
#..###..##.#b....#
#..# #.. ####....#
▓▓▓▓ ▓▓▓ ▓▓▓▓▓


You could see Crazy Yiuf (ally target), a friendly white imp (summoned) and 2
friendly quokkas.

Vanquished Creatures
  A rat (D)
1 creature vanquished.

Vanquished Creatures (collateral kills)
  A human (D)
  An endoplasm (D)
  2 rats (D)
4 creatures vanquished.

Grand Total: 5 creatures vanquished

Notes
Turn   | Place    | Note
-------+----------+-------------------------------------------
     0 | D        | mhtbhm the Hill Orc Summoner began the quest for the Orb.
     0 | D        | Reached XP level 1. HP: 14/14 MP: 3/3
   335 | D        | Reached skill level 5 in Summonings
   335 | D        | Reached XP level 2. HP: 20/20 MP: 1/5
   368 | D        | Learned a level 2 spell: Call Imp
   387 | D        | Noticed Crazy Yiuf
   410 | D        | Slain by Crazy Yiuf

Illustrated notes

Levels and vault maps discovered:
D:        dungeon_sprint_mu [sprint_mu_entry_cave, sprint_mu_temple_rooms,
          sprint_mu_d1_spiders, sprint_mu_d2_genie, sprint_mu_d3_branching,
          sprint_mu_orc_legion, sprint_mu_elf_gauntlet, sprint_mu_hive_nellie,
          sprint_mu_lair_fedhas, sprint_mu_vaults_butterflies,
          sprint_mu_slime_circle, sprint_mu_swamp_cave, sprint_mu_shoals_archi,
          sprint_mu_blade_basic, sprint_mu_crypt_chambers,
          sprint_mu_tomb_spiral, sprint_mu_vestibule_basic,
          sprint_mu_gehenna_hellfire, sprint_mu_dis_giant,
          sprint_mu_tartarus_statrot, sprint_mu_cocytus_islands, sprint_mu_zot1]

Skill      XL: |  1 |
---------------+----+-----
Stealth        | 2 |  2.0
Spellcasting   | 2 |  2.2
Summonings     | 5 |  5.9
Fighting       | |  0.1
Dodging        | |  1.9
Unarmed Combat | |  0.9

Action                   || total
-------------------------++-------
Melee: Unarmed           ||    22
 Cast: Summon Small Mamm ||    15
       Call Imp          ||     2
  Use: Potion            ||     2
Armor: Robe              ||     1
Dodge: Dodged            ||    14

Table legend: (Time is in decaauts)
 A = Elapsed time spent in this place.
 B = Non-inter-level travel time spent in this place.
 C = Inter-level travel time spent in this place.
 D = Time resting spent in this place.
 E = Time spent auto-exploring this place.
 F = Levels seen in this place.
 G = Mean time per level.
                   A        B        C        D        E       F      G
               +--------+--------+--------+--------+--------+-----+--------+
         Total |    399 |    399 |      0 |    217 |     53 |   1 |  399.0 |
       Dungeon |    399 |    399 |      0 |    217 |     53 |   1 |  399.0 |
               +--------+--------+--------+--------+--------+-----+--------+

Top non-repeatable levels by time:
       D: 399 daAuts
